 Dungeon Crawl Stone Soup version 0.25.1-2-g60ff931df9 (webtiles) character file.

Game seed: 5352559755110283926

466 Arcadio the Slinger (level 7, 0/45 HPs)
             Began as a Halfling Hunter on Nov 20, 2020.
             Was a Follower of Nemelex Xobeh.
             Killed from afar by an orc wizard (4 damage)
             ... with a puff of frost
             ... on level 5 of the Dungeon.
             The game lasted 00:30:47 (6217 turns).

Arcadio the Slinger (Halfling Hunter)               Turns: 6217, Time: 00:30:47

Health: 0/45       AC: 12    Str: 13    XL:     7   Next: 30%
Magic:  7/7        EV: 15    Int:  9    God:    Nemelex Xobeh [*.....]
Gold:   216        SH:  0    Dex: 17    Spells: 6/6 levels left

rFire    x . .     SeeInvis +   b - +0 mace (protect)
rCold    + . .     Gourm    .   (shield restricted)
rNeg     . . .     Faith    .   c - +0 leather armour
rPois    .         Spirit   .   q - +0 helmet
rElec    .         Reflect  .   (no cloak)
rCorr    .         Harm     .   l - +0 pair of gloves
MR       .....                  (no boots)
Stlth    ++........             (no amulet)
HPRegen  0.15/turn              j - ring of ice
MPRegen  0.10/turn              s - ring of see invisible

@: protection aura
A: small, mutation resistance 1
a: Draw Escape, Draw Destruction, Draw Summoning, Renounce Religion


You were on level 5 of the Dungeon.
You worshipped Nemelex Xobeh.
Nemelex Xobeh was aware of your devotion.
You were not hungry.

You visited 2 branches of the dungeon, and saw 6 of its levels.

You collected 216 gold pieces.

Inventory:

Hand Weapons
 a - a +1 hunting sling
 b - a +0 mace of protection (weapon)
 t - a +0 short sword
Missiles
 d - 35 sling bullets (quivered)
 h - 102 stones
Armour
 c - a +0 leather armour (worn)
 l - a +0 pair of gloves (worn)
 q - a +0 helmet (worn)
 y - a +0 leather armour
Jewellery
 j - a ring of ice (left hand)
 s - a ring of see invisible (right hand)
Wands
 k - a wand of digging (7)
 z - a wand of paralysis (8)
Scrolls
 i - 3 scrolls of teleportation
 m - 2 scrolls of immolation {unknown}
 n - a scroll of enchant weapon {unknown}
 r - a scroll of enchant armour {unknown}
 w - 2 scrolls of amnesia {unknown}
 x - 2 scrolls of blinking {unknown}
 C - a scroll of fear {unknown}
Potions
 e - 2 potions of might {unknown}
 g - a potion of cancellation
 o - 2 potions of heal wounds
 p - a potion of stabbing {unknown}
 u - a potion of flight {unknown}
 v - a potion of mutation {unknown}
 B - 3 potions of curing {unknown}
Comestibles
 f - 4 rations


   Skills:
 + Level 2.9 Fighting
 + Level 2.5 Short Blades
 + Level 1.1 Maces & Flails
 * Level 8.8 Slings
 + Level 0.1(3.7) Throwing
 + Level 2.8 Armour
 + Level 3.3 Dodging
 - Level 1.1 Stealth


You had 6 spell levels left.
You didn't know any spells.
Your spell library was empty.

Dungeon Overview and Level Annotations

Branches:
Dungeon (5/15)             Temple (1/1) D:4

Altars:
Ashenzari
Dithmenos
Elyvilon
Fedhas
Gozag
Hepliaklqana
Kikubaaqudgha
Makhleb
Nemelex Xobeh
Okawaru
Sif Muna
Trog
Vehumet
Wu Jian
Yredelemnul
Zin


Innate Abilities, Weirdness & Mutations

You are small and have problems with some larger weapons.
You are somewhat resistant to further mutation.


Message History

The orc is severely wounded.
The orc priest casts a cantrip, but nothing happens.
You hit the orc wizard.
The orc wizard is heavily wounded.
The orc wizard barely misses you.
You closely miss the orc wizard.
The orc wizard is heavily wounded.
The orc wizard gestures at you while chanting.
The puff of flame hits you but does no damage.
The orc wizard closely misses you.
You miss the orc wizard.
The orc wizard is heavily wounded.
The orc wizard barely misses you.
The orc priest calls down the wrath of Beogh upon you.
Beogh smites you!
* * * LOW HITPOINT WARNING * * *
The orc wizard gestures at you while chanting.
The puff of frost hits you. You resist.
You die...
Your body disappears without a glow.

#.#
..#####.######..
((((............
..######.#####.
#..# ##o## #.o#
##o# #@###.#
#..##.# ##.##.#
###########.##.#
#...........##.#
#.>.......[..#.#
#............#.#
#.....†........#
#...........#..#


You could see an orc priest, an orc wizard (fast) and an orc.

Vanquished Creatures
  A scorpion (D:5)
  2 howler monkeys (D:4)
  An orc priest (D:3)
  An iguana (D:5)
  2 worker ants
  A hound skeleton (D:4)
  10 adders
  A gnoll (D:1)
  An ooze (D:4)
  3 worms
  4 dart slugs
  7 leopard geckos
  5 orcs
  9 giant cockroaches
  4 hobgoblins
  4 jackals (D:1)
  2 quokkas
  2 ball pythons
  6 bats
  8 frilled lizards
  12 goblins
  5 kobolds
  A leopard gecko skeleton (D:4)
  A leopard gecko zombie (D:4)
  2 quokka skeletons (D:4)
  12 rats
107 creatures vanquished.

Notes
Turn   | Place    | Note
-------+----------+-------------------------------------------
     0 | D:1      | Arcadio the Halfling Hunter began the quest for the Orb.
     0 | D:1      | Reached XP level 1. HP: 14/14 MP: 1/1
   123 | D:1      | Reached skill level 6 in Slings
   123 | D:1      | Reached XP level 2. HP: 19/19 MP: 2/2
   296 | D:1      | Reached XP level 3. HP: 24/24 MP: 3/3
   893 | D:1      | Reached skill level 7 in Slings
  1158 | D:2      | Reached XP level 4. HP: 29/29 MP: 4/4
  1811 | D:2      | Reached skill level 1 in Short Blades
  1820 | D:2      | Reached XP level 5. HP: 33/34 MP: 5/5
  2124 | D:2      | Reached skill level 1 in Armour
  3414 | D:3      | Noticed a centaur
  3436 | D:3      | Reached XP level 6. HP: 18/41 MP: 6/6
  3716 | D:3      | Reached skill level 8 in Slings
  4333 | D:4      | Found a staircase to the Ecumenical Temple.
  4356 | Temple   | Entered the Ecumenical Temple
  4612 | Temple   | Became a worshipper of Nemelex Xobeh the Trickster
  4886 | D:4      | Received a gift from Nemelex Xobeh
  5077 | D:4      | Noticed a phantom
  5586 | D:5      | Entered Level 5 of the Dungeon
  5886 | D:5      | Reached * piety under Nemelex Xobeh
  5915 | D:5      | Reached XP level 7. HP: 17/45 MP: 7/7
  6142 | D:5      | Reached skill level 1 in Maces & Flails
  6217 | D:5      | Killed from afar by an orc wizard

Illustrated notes

Levels and vault maps discovered:
D:1:      elethiomel_arrival_quiet, layout_basic
D:2:      layout_loops_ring, first_ration
D:3:      layout_loops_ring, chequers_ecumenical_altar_lobes, minmay_pentangle
D:4:      layout_loops_corners, minmay_temple_entry_grid
D:5:      layout_basic, uniq_grinder
Temple:   eino_temple_rhombus

Skill      XL: |  1  2  3  4  5  6  7 |
---------------+----------------------+-----
Slings         | 6 7 8 |  8.8
Fighting       | 2 |  2.9
Short Blades   | 1 2 |  2.5
Armour         | 1 2 |  2.8
Dodging        | 3 |  3.3
Maces & Flails | 1 |  1.1
Throwing       | |  0.1
Stealth        | |  1.1

Action                   |  1- 3 |  4- 6 |  7- 9 || total
-------------------------+-------+-------+-------++-------
Melee: Short sword       |    54 |   203 |       ||   257
       Mace              |       |    54 |    15 ||    69
 Fire: Hunting sling     |    38 |   111 |    19 ||   168
Throw: Stone             |       |    12 |       ||    12
  Use: Scroll            |     2 |     4 |     3 ||     9
 Stab: Sleeping          |       |     1 |       ||     1
  Eat: Chunk             |     1 |    10 |       ||    11
       Ration            |       |     2 |       ||     2
Armor: Leather armour    |    14 |    47 |     4 ||    65
Dodge: Dodged            |    69 |   220 |    11 ||   300
